 Dungeon Sprint DCSS version 0.19.0-2-gae57169 (webtiles) character file.

181 poirepourri the Shield-Bearer (level 5, -5/54 HPs)
             Began as a Gargoyle Fighter on Nov 3, 2016.
             Slain by a hell rat (9 damage)
             ... summoned by a deep elf mage
             ... in the Dungeon (Sprint III: "The Ten Rune Challenge").
             The game lasted 00:01:20 (452 turns).

poirepourri the Shield-Bearer (Gargoyle Fighter)     Turns: 452, Time: 00:01:21

Health: -5/54      AC: 11    Str: 24    XL:     5   Next: 61%
Magic:  5/5        EV:  9    Int:  9    God:
Gold:   22         SH: 11    Dex: 10    Spells: 0 memorised, 4 levels left

rFire  . . .     SeeInvis .     a - +0 flail
rCold  . . .     Gourm    .     b - +0 scale mail
rNeg   + . .     Faith    .     c - +0 shield
rPois  ∞         Spirit   .     (no helmet)
rElec  +         Reflect  .     (no cloak)
rCorr  .         Harm     .     (no gloves)
MR     .....     NoTele   +     (no boots)
Stlth  ..........               (no amulet)
                                (no ring)
                                (no ring)

@: berserking, very quick
A: negative energy resistance 1, electricity resistance, unbreathing,
petrification resistance, rot immunity, AC +4
a: no special abilities


You were in the Dungeon.
You were not hungry.

You visited 1 branch You collected 22 gold pieces.

Inventory:

Hand Weapons
 a - a +0 flail (weapon)
Armour
 b - a +0 scale mail (worn)
 c - a +0 shield (worn)
Scrolls
 k - a scroll of blinking
 m - a scroll of holy word
 o - a scroll of remove curse
Potions
 g - 3 potions of mutation
 h - a potion of haste
 i - 2 potions of magic
 l - a potion of invisibility
 q - 2 potions of cure mutation
 r - a potion of flight
 s - a potion of ambrosia {unknown}
Books
 d - a book of Minor Magic

   Spells                             Type                      Level
   a - Magic Dart                     Conjuration                  1
   b - Blink                          Translocation                2
   c - Call Imp                       Summoning                    2
   d - Repel Missiles                 Charms/Air                   2
   e - Slow                           Hexes                        2
   f - Conjure Flame                  Conjuration/Fire             3
   g - Mephitic Cloud                 Conjuration/Poison/Air       3
 n - a book of Cantrips

   Spells                             Type                      Level
   a - Confusing Touch                Hexes                        1
   b - Animate Skeleton               Necromancy                   1
   c - Summon Small Mammal            Summoning                    1
   d - Apportation                    Translocation                1
Comestibles
 f - a bread ration
 p - 2 royal jellies


   Skills:
 + Level 6.2 Fighting
 + Level 5.9 Maces & Flails
 + Level 6.6 Armour
 + Level 1.6 Dodging
 + Level 7.0 Shields


You had 4 spell levels left.
You didn't know any spells.

Dungeon Overview and Level Annotations

Branches:
Dungeon (1/1)

Altars:
Elyvilon
Kikubaaqudgha
Sif Muna
Vehumet
Zin
The Shining One


Innate Abilities, Weirdness & Mutations

You are resistant to torment.
Your stone body is resilient. (AC +4)
You are immune to poison.
You resist negative energy. (rN+)
You are resistant to electric shocks. (rElec)
You can survive without breathing.
You are immune to petrification.
You are immune to rotting.


Message History

The jumping spider bites you but does no damage.
You block the hell rat's attack.
The deep elf mage hits you but does no damage.
The jumping spider closely misses you.
The jumping spider bites you but does no damage.
You feel better.
The hell rat bites you but does no damage.
The jumping spider pounces on you.
* * * LOW HITPOINT WARNING * * *
You block the jumping spider's attack.
The deep elf mage hits you but does no damage.
A red film seems to cover your vision as you go berserk!
You feel yourself moving faster!
You feel mighty!
The jumping spider leaps!
The hell rat bites you!
* * * LOW HITPOINT WARNING * * *
The jumping spider leaps!
The hell rat barely misses you.
Your shield prevents you from hitting the deep elf mage.
The deep elf mage is lightly wounded.
You block the deep elf mage's attack. The hell rat bites you!
You die...

▓▓▓▓▓▓▓▓ ▓▓▓ ..+....♣♣
♣.##### ..#.....♣
♣♣.#§_r# ###.....♣
..#e@.#
..#....≈♣♣♣♣♣.###s#+###+#
..#...≈≈..♣...#..§.......
..#..≈≈≈≈♣♣.♣.'.⌠........
#'#..≈≈≈≈≈≈♣..#...######+
.†#.≈≈≈≈≈≈....#)⌠.#
..#.≈≈≈≈≈.....#...#
..#.≈≈≈.......#)###
###...........#...#


You could see a deep elf mage, a jumping spider and a hell rat.

Vanquished Creatures
  A water elemental (D)
  A scorpion (D)
  A wizard (D)
  A human (D)
  A kobold demonologist (D)
  An ooze (D)
  3 rats (D)
9 creatures vanquished.

Vanquished Creatures (others)
  2 draconian scorchers (D)
  6 hellions (D)
  A yaktaur (D)
  A plant (D)
10 creatures vanquished.

Grand Total: 19 creatures vanquished

Notes
Turn   | Place    | Note
-------+----------+-------------------------------------------
     0 | D        | poirepourri the Gargoyle Fighter began the quest for the Orb.
     0 | D        | Reached XP level 1. HP: 14/14 MP: 1/1
     9 | D        | Reached skill level 4 in Shields
    31 | D        | Reached XP level 2. HP: 14/20 MP: 2/2
    90 | D        | Killed a hellion
    91 | D        | Killed a yaktaur
   100 | D        | Killed a hellion
   100 | D        | Killed a hellion
   101 | D        | Killed a hellion
   110 | D        | Killed a hellion
   135 | D        | Killed a white draconian scorcher
   140 | D        | HP: 1/20 [human (6)]
   144 | D        | Reached XP level 3. HP: 24/24 MP: 3/3
   156 | D        | Killed a hellion
   187 | D        | Noticed a scorpion
   212 | D        | Killed a scorpion
   212 | D        | Reached skill level 5 in Fighting
   212 | D        | Reached skill level 5 in Armour
   212 | D        | Reached skill level 1 in Dodging
   212 | D        | Reached skill level 5 in Shields
   212 | D        | Reached XP level 4. HP: 12/31 MP: 4/4
   305 | D        | Killed a white draconian scorcher
   401 | D        | Noticed a water elemental
   404 | D        | Killed a water elemental
   404 | D        | Reached skill level 5 in Maces & Flails
   404 | D        | Reached skill level 6 in Shields
   404 | D        | Reached XP level 5. HP: 36/36 MP: 5/5
   409 | D        | Found a radiant altar of Vehumet.
   409 | D        | Found a deep blue altar of Sif Muna.
   409 | D        | Found an ancient bone altar of Kikubaaqudgha.
   412 | D        | Paralysed by a wizard for 6 turns
   421 | D        | Reached skill level 7 in Shields
   438 | D        | Found a glowing silver altar of Zin.
   438 | D        | Found a glowing golden altar of the Shining One.
   438 | D        | Found a white marble altar of Elyvilon.
   439 | D        | Noticed a deep elf mage
   448 | D        | Noticed a jumping spider
   452 | D        | Slain by a hell rat

Skill      XL: |  1  2  3  4  5 |
---------------+----------------+-----
Shields        | 4 5 6 7 |  7.0
Armour         | 4 5 6 |  6.6
Fighting       | 4 5 6 |  6.2
Maces & Flails | 4 5 |  5.9
Dodging        | 1 |  1.6

Action                   |  1- 3 |  4- 6 || total
-------------------------+-------+-------++-------
Melee: Flail             |    48 |    18 ||    66
  Use: Potion            |     1 |     4 ||     5
       Scroll            |       |     5 ||     5
Armor: Scale mail        |    23 |     8 ||    31
Dodge: Dodged            |    15 |     4 ||    19
Block: Shield            |    23 |     8 ||    31
